AoeStats
← AndiBoy

Arena

508752278Analyzed
4v4 RM · 7d ago on Sep 23, 2026· 62m 7s· 8 players
Game mode
Random Map
Map size
Large (8 player)
Population
200
Speed
Normal
Resources
Standard
Victory
Conquest
Starting age
Dark Age
Ending age
Imperial Age
RankedLock teamsTeams togetherTeam positionsShared explorationLock speedFull tech treeHidden civsTurbo modeCheats
Victory
Defeat
🇨🇱 Celts · Chile
1019
+17
🇧🇷 Chinese · Brazil
1017
+17
🇪🇨 Byzantines · Ecuador
992
+18
🇹🇷 Britons · Türkiye
951
+21
🇦🇷 Saxons · Argentina
1072
-19
🇦🇷 Italians · Argentina
1055
-19
🇦🇷 Bohemians · Argentina
1033
-18
🇦🇷 Franks · Argentina
1021
-17
henry2992
11:40 Feudal Age
17:49 Castle Age
16:12 Horse Collar
17:31 Double-Bit Axe
19:25 Gold Mining
23:19 Wheelbarrow
25:05 Heavy Plow
30:20 Imperial Age
28:39 Bow Saw
28:47 Hand Cart
28:32 Loom
31:12 Padded Archer Armor
31:03 Fletching
30:35 Pikeman
31:15 Squires
30:57 Cavalier
31:59 Stone Mining
31:51 Crossbowman
32:55 Conscription
32:57 Arbalester
33:43 Thumb Ring
34:28 Scale Mail Armor
34:39 Forging
34:13 Light Cavalry
35:29 Hussar
36:56 Caravan
38:32 Scale Barding Armor
38:59 Halberdier
42:02 Chain Barding Armor
41:57 Chain Mail Armor
41:06 Elite Skirmisher
44:13 Plate Mail Armor
44:19 Plate Barding Armor
43:34 Capped Ram
45:40 Siege Ram
50:32 Two-Man Saw
51:38 Leather Archer Armor
51:19 Bodkin Arrow
52:45 Man-at-Arms
53:11 Gambesons
57:12 Chemistry
58:25 Iron Casting
Eagle
1:31 Loom
9:09 Feudal Age
9:45 Double-Bit Axe
10:11 Horse Collar
13:32 Wheelbarrow
19:22 Castle Age
18:18 Gold Mining
20:19 Heavy Plow
20:31 Bow Saw
20:55 Caravan
21:39 Gold Shaft Mining
23:13 Hand Cart
23:19 Stone Mining
23:40 Town Watch
26:45 Fortified Wall
28:17 Town Patrol
29:03 Masonry
29:16 Ballistics
33:29 Imperial Age
31:20 Pikeman
33:20 Murder Holes
33:30 Fletching
34:54 Forging
34:49 Scale Barding Armor
34:47 Capped Ram
35:59 Gambesons
36:00 Arson
35:36 Halberdier
35:41 Cavalier
36:22 Husbandry
35:42 Light Cavalry
37:39 Chain Barding Armor
37:56 Iron Casting
37:48 Conscription
38:51 Siege Engineers
41:30 Blast Furnace
42:02 Bodkin Arrow
42:41 Furor Celtica
43:07 Stronghold
44:26 Heavy Scorpion
49:16 Hoardings
48:45 Scale Mail Armor
48:46 Padded Archer Armor
49:49 Chemistry
48:36 Arrowslits
48:42 Guard Tower
49:08 Paladin
51:26 Guard Tower
57:16 Keep
Kundakçı-Coşkun
0:29 Loom
10:34 Feudal Age
10:57 Horse Collar
11:05 Double-Bit Axe
18:49 Castle Age
20:23 Heavy Plow
20:34 Bow Saw
21:51 Wheelbarrow
24:35 Hand Cart
26:40 Stone Mining
27:09 Padded Archer Armor
27:26 Fletching
27:41 Gold Mining
28:26 Bodkin Arrow
28:46 Leather Archer Armor
28:55 Ballistics
31:41 Imperial Age
30:02 Ballistics
29:41 Bodkin Arrow
30:22 Town Watch
30:55 Leather Archer Armor
31:20 Town Patrol
32:21 Yeomen
32:58 Conscription
33:44 Chemistry
32:50 Elite Longbowman
33:47 Bracer
34:19 Conscription
35:18 Warwolf
36:51 Ring Archer Armor
36:21 Crossbowman
39:50 Forging
39:46 Scale Barding Armor
39:51 Forging
39:46 Scale Barding Armor
39:58 Light Cavalry
40:39 Husbandry
42:08 Iron Casting
41:53 Chain Barding Armor
43:56 Blast Furnace
42:56 Scale Mail Armor
52:06 Caravan
Yes
10:44 Feudal Age
15:08 Castle Age
19:05 Double-Bit Axe
22:17 Horse Collar
22:43 Fletching
25:19 Wheelbarrow
26:01 Bodkin Arrow
26:06 Padded Archer Armor
27:45 Leather Archer Armor
28:21 Hand Cart
29:06 Ballistics
31:08 Heavy Plow
34:19 Imperial Age
31:35 Town Watch
33:08 Forging
33:01 Scale Mail Armor
33:12 Forging
33:24 Pikeman
34:04 Squires
34:32 Town Patrol
35:50 Conscription
34:57 Elite Chu Ko Nu
35:33 Arson
35:56 Bracer
36:02 Gold Mining
36:25 Bow Saw
36:37 Thumb Ring
37:38 Halberdier
39:24 Chemistry
40:16 Ring Archer Armor
40:20 Chain Mail Armor
41:10 Iron Casting
42:33 Plate Mail Armor
42:50 Arson
44:17 Two-Man Saw
49:18 Blast Furnace
52:05 Capped Ram
52:48 Guard Tower
52:44 Arrowslits
53:29 Rocketry
53:11 Great Wall
53:18 Siege Ram
58:19 Bloodlines
57:30 Light Cavalry
58:12 Husbandry
59:36 Scale Barding Armor
nicolitos
5:17 Loom
11:14 Feudal Age
10:28 Loom
16:43 Castle Age
15:44 Double-Bit Axe
15:42 Horse Collar
17:23 Wheelbarrow
17:41 Bow Saw
25:17 Hand Cart
24:48 Town Watch
32:06 Imperial Age
29:19 Clerical Recruitment
29:28 Pikeman
30:08 Squires
31:46 Murder Holes
32:12 Ballistics
31:32 Treadmill Crane
32:06 Masonry
32:07 Fortified Wall
32:42 Scale Mail Armor
32:52 Forging
33:19 Conscription
32:42 Elite Hearth Troop
34:38 Two-Man Saw
33:44 Heavy Plow
34:45 Shield Wall
36:37 Chemistry
35:54 Chain Mail Armor
36:15 Iron Casting
37:35 Arson
38:17 Redemption
38:00 Halberdier
39:13 Plate Mail Armor
39:18 Iron Casting
39:24 Iron Casting
39:26 Elite Varangian Guard
42:36 Gold Mining
43:43 Padded Archer Armor
44:17 Crop Rotation
44:25 Siege Engineers
48:08 Sanctity
52:51 Block Printing
53:04 Illumination
57:10 Fletching
57:58 Hoardings
58:17 Man-at-Arms
58:43 Gambesons
58:57 Bodkin Arrow
Black_Mamba_24
2:33 Loom
12:07 Feudal Age
13:26 Double-Bit Axe
15:49 Castle Age
13:51 Horse Collar
17:51 Fervor
18:29 Town Watch
19:48 Wheelbarrow
22:24 Bow Saw
23:58 Squires
25:40 Chemistry
25:01 Ballistics
29:58 Imperial Age
28:41 Heavy Plow
30:06 Hand Cart
32:25 Houfnice
34:05 Husbandry
36:32 Light Cavalry
38:55 Forging
39:22 Elite Skirmisher
40:41 Iron Casting
45:17 Blast Furnace
44:26 Scale Barding Armor
47:44 Hussite Reforms
47:49 Wagenburg Tactics
48:11 Chain Barding Armor
47:44 Fletching
53:23 Two-Man Saw
55:52 Fortified Wall
55:37 Murder Holes
55:47 Siege Engineers
55:53 Masonry
AndiBoy
4:50 Loom
11:27 Feudal Age
15:14 Castle Age
13:29 Double-Bit Axe
15:58 Husbandry
22:44 Wheelbarrow
22:28 Bow Saw
24:27 Scale Barding Armor
26:45 Chain Barding Armor
30:50 Hand Cart
35:48 Imperial Age
34:51 Gold Mining
35:50 Cavalier
37:11 Plate Barding Armor
37:33 Chivalry
39:09 Forging
42:43 Iron Casting
44:44 Ordonnance Companies
51:51 Blast Furnace
53:07 Light Cavalry
56:15 Cranequins
Mandalorian
13:53 Feudal Age
18:09 Castle Age
15:59 Double-Bit Axe
17:22 Horse Collar
19:38 Heavy Plow
21:05 Wheelbarrow
24:12 Loom
24:24 Town Watch
25:36 Stone Mining
30:11 Forging
35:43 Imperial Age
33:45 Elite Skirmisher
35:10 Ballistics
36:26 Thumb Ring
37:45 Fletching
37:56 Padded Archer Armor
41:01 Leather Archer Armor
40:41 Bodkin Arrow
41:56 Hand Cart
52:05 Bracer
52:35 Ring Archer Armor
58:12 Chemistry
Connection lost

Rejoining the realm…

Still unreachable

The connection could not be restored.

Session expired

The server has moved on; the page needs a fresh start.